 Dungeon Crawl Stone Soup version 0.22-a0-165-g89cf10f13c (webtiles) character file.

1213 MrRokkomies the Insei (level 8, -2/46 HPs)
             Began as an Octopode Ice Elementalist on Feb 13, 2018.
             Was a Priest of Ru.
             Slain by an orc warrior
             ... wielding a +0 glaive
              (17 damage)
             ... on level 7 of the Dungeon.
             The game lasted 00:25:46 (9198 turns).

MrRokkomies the Insei (Octopode Ice Elementalist)   Turns: 9198, Time: 00:25:46

Health: -2/46      AC:  1    Str:  7    XL:     8   Next: 46%
Magic:  10/11      EV: 12    Int: 19    God:    Ru [***...]
Gold:   364        SH:  3    Dex: 13    Spells: 1/11 levels left

rFire    x . .     SeeInvis +     - Unarmed
rCold    + . .     Gourm    .   g - +0 buckler
rNeg     . . .     Faith    .   (helmet restricted)
rPois    .         Spirit   .   (no amulet)
rElec    .         Reflect  .   e - ring of ice
rCorr    .         Harm     .   v - ring of see invisible
MR       .....                  w - ring of protection from magic
Stlth    +++.......             (no ring)
HPRegen  0.15/turn              (no ring)
MPRegen  0.12/turn              (no ring)
                                (no ring)
                                (no ring)

@: no status effects
A: almost no armour, stealthy swim, amphibious, 8 rings, constrict 8, camouflage
1, gelatinous body 1, inability to use devices, magic vulnerability 1
a: Draw Out Power, Renounce Religion


You were on level 7 of the Dungeon.
You worshipped Ru.
Ru was most pleased with you.
You were hungry.

You visited 1 branch of the dungeon, and saw 7 of its levels.

You collected 364 gold pieces.

Inventory:

Missiles
 i - 46 arrows
 t - 4 poisoned javelins (quivered)
Armour
 g - a +0 buckler (worn)
Jewellery
 d - an uncursed ring of fire
 e - a ring of ice (left tentacle)
 v - a ring of see invisible (right tentacle)
 w - a ring of protection from magic (on tentacle)
Scrolls
 h - 2 scrolls of amnesia
 j - a scroll of fog
 l - 5 scrolls of remove curse
 o - a scroll of magic mapping
 p - a scroll of identify
 r - a scroll of teleportation
Potions
 c - a potion of might
 k - a potion of heal wounds
 m - a potion of invisibility
 n - 2 potions of curing
 u - a potion of lignification
Books
 a - a book of Frost

   Spells                             Type                      Level
   a - Freeze                         Ice                          1
   b - Throw Frost                    Conjuration/Ice              2
   c - Ozocubu's Armour               Charms/Ice                   3
   d - Throw Icicle                   Conjuration/Ice              4
   e - Summon Ice Beast               Ice/Summoning                4
 f - a book of Changes

   Spells                             Type                      Level
   a - Beastly Appendage              Transmutation                1
   b - Sticks to Snakes               Transmutation                2
   c - Spider Form                    Transmutation/Poison         3
   d - Ice Form                       Ice/Transmutation            4
   e - Blade Hands                    Transmutation                5
 q - a book of Cantrips

   Spells                             Type                      Level
   a - Confusing Touch                Hexes                        1
   b - Animate Skeleton               Necromancy                   1
   c - Summon Small Mammal            Summoning                    1
   d - Apportation                    Translocation                1
Comestibles
 b - 15 rations


   Skills:
 - Level 2.0 Dodging
 - Level 2.6 Stealth
 * Level 6.8 Unarmed Combat
 - Level 2.0 Spellcasting
   Level 1.0 Conjurations
 * Level 5.4 Summonings
 - Level 5.1 Ice Magic


You had one spell level left.
You knew the following spells:

 Your Spells              Type           Power        Failure   Level  Hunger
a - Freeze                Ice            ####         3%          1    #......
b - Ozocubu's Armour      Chrm/Ice       ###.....     30%         3    ###....
c - Summon Ice Beast      Ice/Summ       ####....     32%         4    #####..
d - Confusing Touch       Hex            #.....       28%         1    #......
e - Beastly Appendage     Tmut           #.....       28%         1    #......


Dungeon Overview and Level Annotations

Branches:
Dungeon (7/15)
 Temple: D:4-7

Altars:
Gozag
Kikubaaqudgha
Makhleb
Ru
Vehumet
The Shining One

Annotations:
D:6 Liquorice's ghost, novice TrFi


Innate Abilities, Weirdness & Mutations

You cannot wear most types of armour.
You are very stealthy in the water. (Stealth+)
You are amphibious.
You can wear up to eight rings at the same time.
You can use your tentacles to constrict eight enemies at once.
Your skin changes colour to match your surroundings (Stealth+).
Your rubbery body absorbs attacks. (AC +1, EV +1)
You cannot study or use magical devices.
You are slightly vulnerable to magic. (MR-)


Message History

You squeeze the orc warrior, but do no damage.
You constrict the orc warrior, but do no damage.
The orc warrior hits you with a glaive!
You tentacle-slap the orc warrior but do no damage.
The orc warrior appears confused.
You constrict the orc warrior.
You tentacle-slap the orc warrior but do no damage.
You squeeze the orc warrior.
The orc warrior is lightly wounded.
You constrict the orc warrior, but do no damage.
The orc warrior struggles to escape constriction.
You completely miss the orc warrior.
The orc warrior is lightly wounded.
You constrict the orc warrior, but do no damage.
The orc warrior struggles to escape constriction.
You catch the helpless orc warrior completely off-guard!
You tentacle-slap the orc warrior but do no damage.
The orc warrior is lightly wounded.
You constrict the orc warrior, but do no damage.
The orc warrior hits you with a glaive!
You die...

##############
#..............#######
+..............#.....# .
#..............#.....# ..
#..............#.....#...
#.............@#'###.....
#.........#####o....#
#.........#...+.....#
#.......oo..S.......#
#....#####.#####....#
#..o.# ### #....####
#...o# #........ #....#
#......... #.o..##
##.........


You could see an orc warrior (confused).

Vanquished Creatures
  2 ogres
  A phantom (D:6)
  Blork the orc (D:4)
  A scorpion (D:5)
  A howler monkey (D:4)
  3 iron imps (D:4)
  A jelly (D:5)
  An orc priest (D:5)
  2 hounds
  A bullfrog skeleton (D:6)
  3 orc wizards
  A centaur skeleton (D:4)
  4 worker ants
  A hound skeleton (D:6)
  8 gnolls
  11 adders
  A shadow imp (D:6)
  2 oozes
  An adder skeleton (D:5)
  3 worms
  5 dart slugs
  3 leopard geckos (D:5)
  9 orcs
  3 giant cockroaches
  4 goblins
  8 hobgoblins
  3 jackals (D:2)
  2 quokkas
  2 ball pythons
  9 bats
  5 frilled lizards
  A jackal skeleton (D:4)
  4 kobolds
  A quokka skeleton (D:4)
  A quokka zombie (D:6)
  6 rats
115 creatures vanquished.

Vanquished Creatures (others)
  A bullfrog (D:6)
  A worker ant (D:4)
  An orc (D:5)
3 creatures vanquished.

Grand Total: 118 creatures vanquished

Notes
Turn   | Place    | Note
-------+----------+-------------------------------------------
     0 | D:1      | MrRokkomies the Octopode Ice Elementalist began the quest for the Orb.
     0 | D:1      | Reached XP level 1. HP: 11/11 MP: 3/3
   592 | D:1      | Reached skill level 1 in Unarmed Combat
   592 | D:1      | Reached XP level 2. HP: 17/17 MP: 5/5
  1006 | D:1      | Reached XP level 3. HP: 8/21 MP: 2/6
  1311 | D:2      | Found a sacrificial altar of Ru.
  1319 | D:2      | Became a worshipper of Ru the Awakened
  1379 | D:2      | Reached skill level 2 in Unarmed Combat
  1421 | D:2      | Found an opulent altar of Gozag.
  1423 | D:2      | Found a radiant altar of Vehumet.
  1749 | D:2      | Reached XP level 4. HP: 27/27 MP: 7/7
  2219 | D:2      | Learned a level 3 spell: Ozocubu's Armour
  3007 | D:3      | Reached skill level 3 in Unarmed Combat
  3007 | D:3      | Reached XP level 5. HP: 29/31 MP: 1/8
  3024 | D:3      | Gained mutation: You cannot study or use magical devices. [Ru sacrifice]
  3024 | D:3      | Reached * piety under Ru
  3024 | D:3      | Reached ** piety under Ru
  4261 | D:4      | Reached skill level 5 in Ice Magic
  4261 | D:4      | Reached XP level 6. HP: 29/36 MP: 9/9
  4354 | D:4      | Learned a level 4 spell: Summon Ice Beast
  4386 | D:4      | Reached skill level 4 in Unarmed Combat
  4506 | D:4      | Reached skill level 1 in Summonings
  4585 | D:4      | Learned a level 1 spell: Confusing Touch
  4620 | D:4      | Noticed Blork the orc
  4630 | D:4      | Killed Blork the orc
  5278 | D:4      | Found a glowing golden altar of the Shining One.
  5283 | D:4      | Found an ancient bone altar of Kikubaaqudgha.
  5325 | D:4      | Found a burning altar of Makhleb.
  5346 | D:4      | Reached XP level 7. HP: 40/41 MP: 4/10
  5366 | D:4      | Reached skill level 5 in Unarmed Combat
  5944 | D:5      | Entered Level 5 of the Dungeon
  5978 | D:5      | Gained mutation: You are slightly vulnerable to magic. (MR-) [Ru sacrifice]
  5978 | D:5      | Reached *** piety under Ru
  6562 | D:5      | You fall through a shaft for 2 floors!
  6760 | D:5      | Learned a level 1 spell: Beastly Appendage
  6798 | D:5      | Reached skill level 6 in Unarmed Combat
  6798 | D:5      | Reached XP level 8. HP: 4/46 MP: 9/11
  7531 | D:6      | Noticed Liquorice's ghost (novice TrFi)
  8666 | D:6      | Reached skill level 5 in Summonings
  9198 | D:7      | Slain by an orc warrior

Vault maps used:
D:1:      elethiomel_arrival_infinity_welcomes_careful_drivers,
          nrook_mini_backslash
D:2:      chequers_temple_overflow_statue_of_worship, nicolae_ru_awakened_eye
D:3:      lemuel_upstairs_altar
D:4:      minmay_thick_lines, demons_altar, minitemple, first_ration,
          small_statue_intersection, uniq_blork_the_orc
D:5:      serial_glass, glass_columns_a, glass_columns_c
D:6:      hex_tiny, roderic_serpentine_path
D:7:      cheibrodos_worm_habitat, minmay_temple_entry_trees

Skill      XL: |  1  2  3  4  5  6  7  8 |
---------------+-------------------------+-----
Unarmed Combat | 1 2 3 4 6 |  6.8
Ice Magic      | 4 5 |  5.1
Summonings     | 2 4 5 |  5.4
Dodging        | |  2.0
Stealth        | |  2.6
Spellcasting   | |  2.0
Conjurations   | |  1.0

Action                   |  1- 3 |  4- 6 |  7- 9 || total
-------------------------+-------+-------+-------++-------
Melee: Unarmed           |    94 |   154 |   182 ||   430
       Constrict         |    27 |    34 |    29 ||    90
       Tentacles         |    23 |    36 |    34 ||    93
       Punch             |       |     2 |     9 ||    11
       Kick              |       |       |     2 ||     2
Throw: Javelin           |       |       |     4 ||     4
 Cast: Freeze            |     4 |     7 |     3 ||    14
       Ozocubu's Armour  |       |     3 |     1 ||     4
       Confusing Touch   |       |       |     4 ||     4
       Beastly Appendage |       |       |     2 ||     2
Invok: Sacrifice Artific |       |     1 |       ||     1
       Sacrifice Essence |       |       |     1 ||     1
  Use: Scroll            |     4 |     9 |     3 ||    16
       Potion            |       |     2 |     3 ||     5
 Stab: Sleeping          |    11 |     9 |     9 ||    29
       Invisible         |       |       |     3 ||     3
       Distracted        |       |       |     2 ||     2
       Confused          |       |       |     3 ||     3
  Eat: Chunk             |     2 |    11 |     7 ||    20
       Ration            |       |       |     2 ||     2
Armor: Skin              |    15 |    13 |     5 ||    33
Dodge: Dodged            |    45 |    84 |    67 ||   196
Block: Buckler           |     1 |    19 |    13 ||    33

Table legend:
 A = Spawn XP
 B = Non-spawn XP
 C = Spawn XP percentage of total XP
 D = Spawn monster count
 E = Non-spawn monster count
 F = Spawn count percentage of total count
 G = Total turns spent on level
                    A         B        C        D         E        F      G
               +---------+---------+-------+---------+---------+-------+---------
         Total |       0 |    1733 |   0.0 |       0 |     117 |   0.0 |  9198
               +---------+---------+-------+---------+---------+-------+---------
           D:1 |       0 |      47 |   0.0 |       0 |      22 |   0.0 |  1311
           D:2 |       0 |      66 |   0.0 |       0 |      21 |   0.0 |   922
           D:3 |       0 |     111 |   0.0 |       0 |      13 |   0.0 |  1727
           D:4 |       0 |     551 |   0.0 |       0 |      25 |   0.0 |  1984
           D:5 |       0 |     445 |   0.0 |       0 |      20 |   0.0 |  2140
           D:6 |       0 |     451 |   0.0 |       0 |      12 |   0.0 |   960
           D:7 |       0 |      62 |   0.0 |       0 |       4 |   0.0 |   154
               +---------+---------+-------+---------+---------+-------+---------
